 Dungeon Crawl Stone Soup version 0.22.0-38-g04b72b8 (webtiles) character file.

558561 RiddleofSteel the Slayer (level 25, -2/222 HPs)
             Began as a Minotaur Berserker on Aug 29, 2018.
             Was the Champion of Trog.
             Splashed by an acid blob's acid (6 damage)
             ... created by the Royal Jelly
             ... on level 5 of the Pits of Slime on Aug 30, 2018.
             The game lasted 05:12:55 (60275 turns).

RiddleofSteel the Slayer (Minotaur Berserker)      Turns: 60275, Time: 05:12:55

Health: -2/222     AC:  7    Str: 35    XL:     25   Next: 27%
Magic:  15/19      EV: 40    Int:  3    God:    Trog [******]
Gold:   1765       SH: 21    Dex: 22    Spells: 24/24 levels left

rFire    + + +     SeeInvis +   X - +3 broad axe of Kast {distort, rPois Str+3 Dex+4}
rCold    . . .     Gourm    .   R - +5 shield {reflect}
rNeg     + . .     Faith    .   c - +2 acid dragon scales
rPois    +         Spirit   .   l - +2 hat
rElec    .         Reflect  +   v - +0 cloak of Hiuduneh {Regen+ Slay+5}
rCorr    +         Harm     .   I - +2 pair of gloves
MR       +++..     Clarity  +   L - +0 pair of boots of Impressiveness {rN+ Dex+4 Stlth+} Stlth +++++.....Rnd*Tele +
                                f - amulet of regeneration
HPRegen  2.27/turn              i - ring "Zapuwon" {rF+++ rC- EV+2 Str-5 Stlth+}
MPRegen  0.16/turn              u - ring "Waci" {rC+ SInv}

@: mighty, agile, corroded, berserk cooldown, very slightly contaminated,
regenerating, hasted, very quick
A: retaliatory headbutt, hooves 1, horns 2, blurry vision 2, clarity, clumsy 1,
deformed body, deterioration 1, dopey 1, frail 1, low mp 1, screaming 1, shaggy
fur 1, teleportitis 2, no potion heal 1
}: 3/15 runes: decaying, silver, gossamer
a: Berserk, Trog's Hand, Brothers in Arms, Renounce Religion


You were on level 5 of the Pits of Slime.
You worshipped Trog.
Trog was exalted by your worship.
You were not hungry.

You visited 9 branches of the dungeon, and saw 49 of its levels.
You visited 1 bazaar.
You also visited: Ossuary and Ice Cave.

You collected 7006 gold pieces.
You spent 5241 gold pieces at shops.

Inventory:

Hand Weapons
 V - the +6 war axe of Terror {drain, rPois}
   (You found it on level 2 of the Swamp)

   A truly terrible weapon, it drains the life of those it strikes.
   It protects you from poison.
 X - the +3 broad axe of Kast (weapon) {distort, rPois Str+3 Dex+4}
   (Trog gifted it to you on level 2 of the Orcish Mines)

   It warps and distorts space around it.
   Unwielding it can cause banishment or high damage.
   It affects your strength (+3).
   It affects your dexterity (+4).
   It protects you from poison.
Armour
 c - +2 acid dragon scales (worn)
 d - a scarf of resistance
 h - a +10 plate armour of magic resistance
 l - a +2 hat (worn)
 v - the +0 cloak of Hiuduneh (worn) {Regen+ Slay+5}
   (You bought it in a shop on level 3 of the Vaults)

   It affects your accuracy and damage with ranged weapons and melee attacks
   (+5).
   It increases your rate of regeneration.
 I - a +2 pair of gloves (worn)
 J - a +2 cloak of magic resistance
 L - the +0 pair of boots of Impressiveness (worn) {rN+ Dex+4 Stlth+}
   (You found it on level 5 of the Vaults)

   It affects your dexterity (+4).
   It protects you from negative energy.
   It makes you more stealthy.
 O - a scarf of cloud immunity
 R - a +5 shield of reflection (worn)
Jewellery
 f - an amulet of regeneration (around neck)
 i - the ring "Zapuwon" (left hand) {rF+++ rC- EV+2 Str-5 Stlth+}
   (You acquired it on level 5 of the Depths)

   [ring of evasion]

   It affects your evasion (+2).
   It affects your strength (-5).
   It renders you almost immune to fire.
   It makes you vulnerable to cold.
   It makes you more stealthy.
 m - an uncursed ring of protection from magic
 n - an uncursed ring of positive energy
 u - the ring "Waci" (right hand) {rC+ SInv}
   (You found it on level 2 of the Depths)

   [ring of see invisible]

   It protects you from cold.
   It lets you see invisible.
 S - the ring of Shadows {Umbra +Inv Stlth+}
   (You found it on level 11 of the Dungeon)

   [ring of stealth]

   It lets you turn invisible.
   It makes you more stealthy.
Wands
 j - a wand of clouds (10) {@v3}
 C - a wand of digging (9) {@v1}
Scrolls
 g - 19 scrolls of remove curse {@r2}
 q - 5 scrolls of fear
 z - a scroll of magic mapping
 A - 15 scrolls of teleportation {@r3}
 E - 2 scrolls of blinking {@r4}
 F - 7 scrolls of enchant weapon
 N - 5 scrolls of identify {@r1}
 P - 2 scrolls of silence
 U - a scroll of holy word
Potions
 a - 4 potions of cancellation
 b - 6 potions of haste {@q3}
 e - 18 potions of curing {@q1}
 k - 8 potions of flight
 r - a potion of magic
 s - 2 potions of resistance {@q6}
 t - a potion of agility {@q5}
 y - 2 potions of heal wounds {@q2}
 B - a potion of berserk rage
 K - 2 potions of might {@q4}
 M - 5 potions of ambrosia
 W - a potion of invisibility
Miscellaneous
 o - a lamp of fire
 p - a lightning rod (4/4)
 x - a lamp of fire
 D - 4 boxes of beasts
 Q - a phial of floods
 T - a fan of gales
 Z - 2 sacks of spiders
Comestibles
 G - 26 rations {@e1}


   Skills:
 + Level 24.6 Fighting
 + Level 24.6 Axes
 + Level 24.5 Armour
 + Level 22.9 Dodging
 - Level 15.0 Shields


You had 24 spell levels left.
You didn't know any spells.
Your spell library contained the following spells:

 Spells                   Type           Power        Failure   Level  Hunger
 Animate Skeleton         Necr           N/A          54%         1    ##.....
 Apportation              Tloc           #.....       54%         1    ##.....
 Beastly Appendage        Tmut           #.....       54%         1    ##.....
 Confusing Touch          Hex            #.....       54%         1    ##.....
 Freeze                   Ice            #...         54%         1    ##.....
 Magic Dart               Conj           #...         54%         1    ##.....
 Shock                    Conj/Air       #...         54%         1    ##.....
 Sting                    Conj/Pois      #...         54%         1    ##.....
 Summon Butterflies       Summ           #.......     54%         1    ##.....
 Summon Small Mammal      Summ           #...         54%         1    ##.....
 Blink                    Tloc           N/A          69%         2    ###....
 Call Imp                 Summ           #.......     69%         2    ###....
 Poisonous Vapours        Pois/Air       #.....       69%         2    ###....
 Searing Ray              Conj           #.....       69%         2    ###....
 Slow                     Hex            #.......     69%         2    ###....
 Sticks to Snakes         Tmut           #.......     69%         2    ###....
 Sublimation of Blood     Necr           #.........   69%         2    ###....
 Swiftness                Chrm/Air       #.......     69%         2    ###....
 Throw Flame              Conj/Fire      #.....       69%         2    ###....
 Throw Frost              Conj/Ice       #.....       69%         2    ###....
 Call Canine Familiar     Summ           #.......     89%         3    ####...
 Confuse                  Hex            #.......     89%         3    ####...
 Conjure Flame            Conj/Fire      #.......     89%         3    ####...
 Dazzling Spray           Conj/Hex       #.....       89%         3    ####...
 Gell's Gravitas          Tloc           #.........   89%         3    ####...
 Ignite Poison            Fire/Tmut/Pois #.......     89%         3    ####...
 Lesser Beckoning         Tloc           #.........   89%         3    ####...
 Mephitic Cloud           Conj/Pois/Air  #.......     89%         3    ####...
 Ozocubu's Armour         Chrm/Ice       #.......     89%         3    ####...
 Spider Form              Tmut/Pois      #.........   89%         3    ####...
 Static Discharge         Conj/Air       #.......     89%         3    ####...
 Summon Guardian Golem    Hex/Summ       #.......     89%         3    ####...
 Tukima's Dance           Hex            #.......     89%         3    ####...
 Airstrike                Air            #.........   100%        4    #####..
 Cause Fear               Hex            #.........   100%        4    #####..
 Force Lance              Conj/Tloc      #.......     100%        4    #####..
 Fulminant Prism          Conj/Hex       #.........   100%        4    #####..
 Ice Form                 Ice/Tmut       #.......     100%        4    #####..
 Iskenderun's Mystic Bla  Conj           #.......     100%        4    #####..
 Leda's Liquefaction      Hex/Erth       #.........   100%        4    #####..
 Olgreb's Toxic Radiance  Pois           #.......     100%        4    #####..
 Petrify                  Tmut/Erth      #.......     100%        4    #####..
 Summon Ice Beast         Ice/Summ       #.......     100%        4    #####..
 Summon Lightning Spire   Summ/Air       #.......     100%        4    #####..
 Throw Icicle             Conj/Ice       #.......     100%        4    #####..
 Alistair's Intoxication  Tmut/Pois      #.......     100%        5    ######.
 Blade Hands              Tmut           #.........   100%        5    ######.
 Bolt of Magma            Conj/Fire/Erth #.........   100%        5    ######.
 Irradiate                Conj/Tmut      #.........   100%        5    ######.
 Lightning Bolt           Conj/Air       #.........   100%        5    ######.
 Metabolic Englaciation   Hex/Ice        #.........   100%        5    ######.
 Silence                  Hex/Air        #.........   100%        5    ######.
 Venom Bolt               Conj/Pois      #.........   100%        5    ######.
 Yara's Violent Unravell  Hex/Tmut       #.........   100%        5    ######.
 Conjure Ball Lightning   Conj/Air       #.........   100%        6    #######
 Deflect Missiles         Chrm/Air       #.........   100%        6    #######
 Hydra Form               Tmut           #.........   100%        6    #######
 Invisibility             Hex            #.......     100%        6    #######
 Iron Shot                Conj/Erth      #.........   100%        6    #######
 Statue Form              Tmut/Erth      #........    100%        6    #######
 Dragon Form              Tmut           #.........   100%        7    #######
 Discord                  Hex            #.........   100%        8    #######
 Ignition                 Fire           #.........   100%        8    #######
 Shatter                  Erth           #.........   100%        9    #######
 Tornado                  Air            #.........   100%        9    #######


Dungeon Overview and Level Annotations

Branches:
Dungeon (15/15)            Temple (0/1) D:6            Lair (6/6) D:9
  Swamp (4/4) Lair:2       Spider (4/4) Lair:2        Slime (5/5) Lair:6
    Orc (2/2) D:9             Elf (3/3) Orc:2        Vaults (5/5) D:14
  Crypt (0/3) Vaults:3     Depths (5/5) D:15            Zot (0/5) Depths:5

Altars:
Cheibriados
Dithmenos
Fedhas
Gozag
Hepliaklqana
Makhleb
Okawaru
Qazlal
Ru
Sif Muna
Wu Jian
Xom
Zin
The Shining One
Beogh
Lugonu

Shops:
D:15 *   Orc:2 :?[%   Elf:1 ?!%[   Elf:3 :   Vaults:2 **(   Vaults:3 [
Vaults:4 ?(**(

Portals:
Hell: Depths:1 Depths:2 Depths:3 Depths:4 Depths:5
Abyss: Depths:1 Depths:2 Depths:3 Depths:4*
Pandemonium: Depths:3
Ziggurat: Depths:2

Annotations:
Spider:4 Kirke
Slime:5 Royal Jelly


Innate Abilities, Weirdness & Mutations

You reflexively headbutt those who attack you in melee.
You have a pair of horns on your head.
You have large cloven feet.
Scrolls take you longer to read.
You possess an exceptional clarity of mind.
You are clumsy. (Dex -2)
Armour fits poorly on your strangely shaped body.
Your body sometimes deteriorates upon taking damage.
You are dopey. (Int -2)
You are frail. (-10% HP)
Your magical capacity is low. (-10% MP)
You occasionally shout uncontrollably at your foes.
You are covered in fur. (AC +1)
You are sometimes teleported next to monsters.
Potions are less effective at restoring your health.


Message History

You feel yourself speed up. The acid blob spits acid at you.
The splash of acid hits you! You resist.
* * * LOW HITPOINT WARNING * * *
You are splashed with acid!
The acid burns!
You resist.
* * * LOW HITPOINT WARNING * * *
The acid blob spits acid at you.
Your +5 shield of reflection reflects the splash of acid!
The splash of acid hits the acid blob.
The acid blob completely resists.
There is a stone staircase leading up here.
The acid blob spits acid at you. The splash of acid hits you! You resist.
* * * LOW HITPOINT WARNING * * *
You are splashed with acid!
The acid burns!
You resist.
* * * LOW HITPOINT WARNING * * *
The acid blob spits acid at you. The splash of acid hits you! You resist.
* * * LOW HITPOINT WARNING * * *
You are splashed with acid!
The acid burns!
You resist.
You die...

..................#
.........JJJ.....##
........J........##
..........J......##
..................###
....................##
.....................#
.....................###
.......@................
..#.....................
. ###.#.................
####................
#...............
...............
...............
...............


You could see 4 acid blobs and a death ooze.

Vanquished Creatures
  2 juggernauts
  Margery (Depths:4)
  Frederick (Vaults:5)
  2 golden dragons (Depths:5)
  2 caustic shrikes (Depths:3)
  Nikola (Spider:1)
  2 liches (Depths:4)
  4 tentacled monstrosities
  Asterion (Spider:4)
  6 titans
  3 deep elf blademasters
  3 quicksilver dragons
  15 acid blobs
  2 deep elf master archers (Elf:3)
  4 tengu reavers
  4 sphinxes
  4 shadow dragons
  Donald (Orc:2)
  2 thorn hunters
  6 storm dragons
  A revenant (Vaults:3)
  10 fire giants
  6 azure jellies
  7 frost giants
  3 orc warlords (Orc:2)
  3 ghost moths (Spider:4)
  9 deep elf sorcerers
  11 vault wardens
  An iron dragon (Vaults:5)
  2 emperor scorpions (Spider:4)
  11 ironheart preservers
  5 deep elf elementalists
  A draconian annihilator (Depths:5)
  3 war gargoyles
  18 very ugly things
  14 stone giants
  2 entropy weavers
  5 vampire knights
  9 deep elf annihilators
  6 deep elf demonologists
  Azrael (D:14)
  4 spark wasps
  8 deep elf death magi
  21 ettins
  A fire dragon (shapeshifter) (Depths:5)
  5 death oozes
  Josephine (Spider:1)
  5 deep elf high priests
  Erolcha (D:11)
  7 yaktaur captains
  7 fire dragons
  11 rakshasas
  8 great orbs of eyes
  A hell beast (Depths:3)
  23 vault guards
  8 ice dragons
  2 naga warriors (Depths:3)
  3 spriggan air magi
  A catoblepas (D:14)
  An anaconda (shapeshifter) (Depths:2)
  19 hydras
  A ghost crab (Swamp:2)
  4 death knights
  27 two-headed ogres
  12 centaur warriors
  23 dancing weapons
  9 alligators
  11 ogre magi
  4 vampire magi
  10 deep troll shamans
  10 deep troll earth magi
  A tengu warrior (Depths:5)
  13 death yaks
  9 small abominations
  7 spriggan berserkers
  Nergalle (Lair:4)
  6 orc high priests
  12 large abominations
  24 deep elf knights
  A shadow wraith (Vaults:1)
  9 hell knights
  6 glowing orange brains
  A salamander mystic (Depths:4)
  2 unseen horrors (Depths:1)
  2 iron trolls
  A golden dragon zombie (Depths:1)
  A sea snake (shapeshifter) (Depths:5)
  6 flayed ghosts
  2 spriggan druids
  5 skeletal warriors
  A wizard (Depths:1)
  An infernal demonspawn (Depths:3)
  12 swamp dragons
  5 phantasmal warriors
  A swamp dragon (shapeshifter) (Vaults:5)
  14 ironbrand convokers
  A lindwurm (Lair:6)
  A lindwurm (shapeshifter) (Depths:5)
  6 necromancers
  22 deep trolls
  2 shambling mangroves
  A harpy (shapeshifter) (Depths:2)
  8 orc knights
  15 deep elf archers
  67 deep elf magi
  A wolf spider zombie (D:13)
  27 wolf spiders
  A frost giant zombie (Depths:1)
  11 orb spiders
  2 salamanders (Depths:4)
  8 shining eyes
  A salamander (shapeshifter) (Vaults:3)
  2 cyclopes (D:11)
  A manticore (D:15)
  9 orc sorcerers
  A wolf spider (shapeshifter) (Vaults:5)
  35 ugly things
  A moth of wrath (Spider:2)
  2 stone giant zombies (Vaults:5)
  2 black mambas
  15 vault sentinels
  4 torpor snails
  2 naga magi (Depths:3)
  2 ice statues (IceCv)
  2 eyes of devastation
  7 centaur skeletons
  7 rime drakes
  16 spiny frogs
  7 komodo dragons
  An efreet (D:15)
  9 ice devils (IceCv)
  5 freezing wraiths
  49 yaktaurs
  A komodo dragon (shapeshifter) (Depths:5)
  7 demonic crawlers
  A queen bee (Lair:5)
  5 tengu conjurers
  22 hornets
  Grinder (D:4)
  24 jumping spiders
  4 polar bears (Lair:6)
  A hornet (shapeshifter) (D:15)
  8 trolls
  15 blink frogs
  8 meliai
  22 tyrant leeches
  A blink frog (shapeshifter) (D:14)
  71 slime creatures
  7 bog bodies
  7 hippogriffs
  2 dream sheep (Lair:6)
  2 human simulacra
  68 redbacks
  A tarantella (shapeshifter) (D:11)
  6 air elementals
  20 spriggans
  2 shadows
  34 tarantellas
  5 wyverns
  2 vampires
  A ynoxinul (Depths:3)
  2 spriggans (shapeshifter)
  A yak (shapeshifter) (D:11)
  4 water elementals
  22 yaks
  13 wraiths
  2 hungry ghosts (D:10)
  A golden eye (shapeshifter) (Vaults:5)
  A steam dragon (D:8)
  3 basilisks
  5 hogs (Spider:4)
  17 vampire mosquitoes
  9 fire elementals
  2 chaos spawn (Depths:1)
  24 water moccasins
  2 wargs
  16 insubstantial wisps
  A swamp worm (shapeshifter) (Depths:5)
  13 swamp worms
  An acid dragon (D:15)
  A floating eye (shapeshifter) (Vaults:5)
  A human zombie (Depths:1)
  3 hell hounds (D:14)
  2 floating eyes
  4 porcupines
  14 swamp drakes
  3 black bears
  A sky beast (D:13)
  6 necrophages (Swamp:2)
  41 orc warriors
  4 ice beasts
  2 black bears (shapeshifter)
  8 eyes of draining
  3 phantoms
  15 boggarts
  20 wolves
  39 ogres
  A boggart (shapeshifter) (Depths:4)
  11 centaurs
  6 crocodiles
  11 big kobolds
  A big kobold (shapeshifter) (Depths:5)
  A bullfrog (shapeshifter) (Vaults:5)
  An elf simulacrum (Vaults:1)
  20 bullfrogs
  2 earth elementals
  4 scorpions
  A water moccasin skeleton (D:8)
  An orc simulacrum (Vaults:1)
  5 wights (D:13)
  23 killer bees
  7 electric eels
  4 howler monkeys
  9 crimson imps
  2 bullfrog zombies
  4 centaur zombies
  13 jellies
  9 hounds
  An iron imp (Depths:3)
  26 orc priests
  3 bullfrog skeletons
  17 orc wizards
  Terence (D:2)
  A hell rat (D:9)
  3 iguanas
  6 worker ants
  2 killer bee zombies
  3 hound skeletons
  8 mummies (Ossuary)
  Robin (D:3)
  10 gnolls
  16 adders
  2 river rats (D:9)
  4 shadow imps
  5 white imps (IceCv)
  8 ufetubi (IceCv)
  5 oozes
  An adder skeleton (D:5)
  An adder zombie (D:5)
  A worm (D:2)
  4 dart slugs
  4 leopard geckos
  100 orcs
  4 giant cockroaches
  21 goblins
  8 hobgoblins
  6 jackals
  7 quokkas
  8 bats
  6 frilled lizards
  3 hobgoblin zombies (Ossuary)
  32 kobolds
  2 kobold zombies (Ossuary)
  3 orc zombies (Ossuary)
  7 rats
  7 briar patches (Swamp:3)
  7 crawling corpses
  8 fungi
  7 plants
  5 toadstools (D:6)
2102 creatures vanquished.

Vanquished Creatures (collateral kills)
  the Royal Jelly (Slime:5)
  A great orb of eyes (Slime:5)
  A shining eye (Slime:5)
  2 hornets (Spider:4)
  3 slime creatures (Slime:5)
  An eye of draining (Slime:5)
  An ogre (Vaults:5)
10 creatures vanquished.

Vanquished Creatures (others)
  2 tentacled monstrosities
  A titan (Depths:3)
  An acid blob (Slime:5)
  2 tengu reavers
  2 frost giants (Depths:5)
  The ghost of sleeves the End of an Era, an adept DsFi of Qazlal (Spider:1)
  2 thorn hunters
  2 shadow dragons
  A nagaraja (Depths:3)
  2 deep elf sorcerers
  A ghost moth (Spider:4)
  2 vault wardens
  An emperor scorpion (Spider:4)
  A ghoul (Depths:3)
  10 stone giants
  A reaper (IceCv)
  2 ironheart preservers
  A very ugly thing (Swamp:3)
  A vampire knight (Depths:1)
  A spark wasp (shapeshifter) (Depths:5)
  3 ettins
  A deep elf death mage (Elf:3)
  4 yaktaur captains
  2 fire dragons
  A deep elf high priest (Vaults:5)
  3 great orbs of eyes
  2 vault guards (Vaults:5)
  2 rakshasas
  2 hydras (Swamp:4)
  An ice dragon (Vaults:3)
  3 dancing weapons (Elf:2)
  3 two-headed ogres
  A tengu warrior (Depths:1)
  A deep troll earth mage (Depths:2)
  2 spriggan berserkers (Depths:3)
  4 deep elf knights
  An iron troll (Depths:4)
  3 deep trolls
  A flayed ghost (Vaults:2)
  A shambling mangrove (Swamp:1)
  2 swamp dragons
  A glowing orange brain (Depths:3)
  A golden dragon skeleton (Vaults:5)
  A spriggan druid (Swamp:4)
  An unseen horror (shapeshifter) (Vaults:3)
  An ironbrand convoker (Vaults:4)
  5 deep elf archers
  2 orc knights
  9 deep elf magi
  3 wolf spiders
  A shining eye (Slime:4)
  2 ugly things
  8 slime creatures
  A torpor snail (Spider:4)
  A vault sentinel (Vaults:2)
  A freezing wraith (Vaults:4)
  11 yaktaurs
  A jumping spider (Spider:3)
  A meliai (Spider:4)
  2 tyrant leeches
  A blink frog (Swamp:2)
  A human simulacrum (Vaults:2)
  An air elemental (Elf:2)
  4 redbacks
  2 large abominations (Depths:1)
  5 tarantellas
  A ynoxinul (Depths:3)
  2 hogs (Spider:4)
  An insubstantial wisp (Swamp:2)
  A vampire mosquito (Swamp:4)
  3 swamp worms
  2 orc warriors (Orc:2)
  3 ogres
  3 boggarts
  A centaur (Vaults:4)
  An orc priest (Orc:2)
  An orc wizard (Orc:2)
  3 white imps (IceCv)
  5 ufetubi (IceCv)
  An orc (Vaults:4)
  A kobold (Depths:4)
  A briar patch (Swamp:4)
  5 fungi
  13 plants
  3 toadstools (D:6)
  2 withered plants (Spider:1)
200 creatures vanquished.

Grand Total: 2312 creatures vanquished

Notes
Turn   | Place    | Note
-------+----------+-------------------------------------------
     0 | D:1      | RiddleofSteel the Minotaur Berserker began the quest for the Orb.
     0 | D:1      | Reached XP level 1. HP: 19/19 MP: 0/0
   177 | D:1      | Reached XP level 2. HP: 27/27 MP: 1/1
  1079 | D:2      | Noticed Terence
  1089 | D:2      | Killed Terence
  1089 | D:2      | Reached XP level 3. HP: 27/33 MP: 2/2
  1248 | D:2      | You fall through a shaft for 2 floors!
  1271 | D:4      | Reached XP level 4. HP: 40/40 MP: 3/3
  1866 | D:3      | Noticed Robin
  1869 | D:3      | Reached ** piety under Trog
  1876 | D:3      | Killed Robin
  1876 | D:3      | Reached XP level 5. HP: 47/47 MP: 4/4
  2283 | D:2      | Found a faded altar of an unknown god.
  2583 | D:2      | Reached skill level 5 in Axes
  3273 | D:4      | Noticed a centaur
  3281 | D:4      | Killed a centaur
  3281 | D:4      | Reached skill level 5 in Fighting
  3281 | D:4      | Reached XP level 6. HP: 50/56 MP: 5/5
  3333 | D:4      | Noticed Grinder
  3350 | D:4      | Paralysed by Grinder for 4 turns
  3366 | D:4      | Paralysed by Grinder for 4 turns
  3370 | D:4      | Killed Grinder
  3638 | D:4      | Reached skill level 5 in Armour
  3704 | D:4      | Reached XP level 7. HP: 55/61 MP: 6/6
  3955 | D:5      | Entered Level 5 of the Dungeon
  3964 | D:5      | Reached skill level 5 in Dodging
  3965 | D:5      | Reached *** piety under Trog
  4075 | D:5      | Found a glowing silver altar of Zin.
  4308 | D:5      | Found a snail-covered altar of Cheibriados.
  4346 | D:5      | Reached XP level 8. HP: 67/71 MP: 7/7
  4962 | D:6      | Noticed a slime creature
  4972 | D:6      | Killed a slime creature
  5199 | D:6      | Reached XP level 9. HP: 73/81 MP: 8/8
  5204 | D:6      | Reached **** piety under Trog
  5419 | D:6      | Found a staircase to the Ecumenical Temple.
  7002 | D:7      | Found a sacrificial altar of Ru.
  7377 | D:8      | Noticed a two-headed ogre
  7381 | D:8      | Found a sand-covered staircase.
  7389 | D:8      | Killed a two-headed ogre
  7389 | D:8      | Reached XP level 10. HP: 91/91 MP: 9/9
  7396 | Ossuary  | Entered an ossuary
  7762 | D:8      | Noticed a two-headed ogre
  7773 | D:8      | Killed a two-headed ogre
  8113 | D:8      | Reached skill level 10 in Axes
  8217 | D:8      | Reached skill level 10 in Fighting
  8545 | D:7      | Found a shimmering altar of Xom.
  8545 | D:7      | Found an opulent altar of Gozag.
  8631 | D:9      | Found a hazy altar of Hepliaklqana.
  8822 | D:9      | Noticed a death yak
  8829 | D:9      | Reached skill level 10 in Armour
  8834 | D:9      | Reached ***** piety under Trog
  8842 | D:9      | Killed a death yak
  9160 | D:9      | Found a burning altar of Makhleb.
  9216 | D:9      | Noticed a death yak
  9219 | D:9      | Found a staircase to the Lair.
  9219 | D:9      | Noticed a death yak
  9229 | D:9      | Noticed a two-headed ogre
  9233 | D:9      | Killed a death yak
  9233 | D:9      | Reached XP level 11. HP: 68/101 MP: 10/10
  9239 | D:9      | Killed a death yak
  9244 | D:9      | Killed a two-headed ogre
  9487 | D:9      | Found a staircase to the Orcish Mines.
  9899 | D:10     | Entered Level 10 of the Dungeon
  9914 | D:10     | Reached skill level 10 in Dodging
 10100 | D:10     | Noticed a two-headed ogre
 10106 | D:10     | Killed a two-headed ogre
 10122 | D:10     | Noticed a two-headed ogre
 10133 | D:10     | Killed a two-headed ogre
 10442 | D:10     | Found a shadowy altar of Dithmenos.
 10444 | D:10     | Found a shimmering altar of Xom.
 10444 | D:10     | Found a stormy altar of Qazlal.
 10451 | D:10     | Received a gift from Trog
 10454 | D:10     | Found a deep blue altar of Sif Muna.
 10454 | D:10     | Found an ornate altar of the Wu Jian Council.
 10454 | D:10     | Found an opulent altar of Gozag.
 10716 | D:11     | Noticed Erolcha
 10719 | D:11     | Paralysed by Erolcha for 2 turns
 10725 | D:11     | Killed Erolcha
 10803 | D:11     | Found a blossoming altar of Fedhas.
 10803 | D:11     | Noticed an eight-headed hydra
 10822 | D:11     | Killed a 14-headed hydra
 10967 | D:11     | Noticed a seven-headed hydra
 10973 | D:11     | Killed a ten-headed hydra
 11069 | D:11     | Noticed a centaur warrior
 11076 | D:11     | Killed a centaur warrior
 11076 | D:11     | Reached XP level 12. HP: 104/112 MP: 11/11
 11294 | D:11     | Noticed a centaur warrior
 11296 | D:11     | Found the ring of Shadows {Umbra +Inv Stlth+}
 11302 | D:11     | Killed a centaur warrior
 11326 | D:11     | Got an ancient robe
 11333 | D:11     | Identified the Catalogue of the Birds and Flames
 12572 | D:12     | Found a glowing golden altar of the Shining One.
 12784 | D:12     | Received a gift from Trog
 13230 | D:12     | Identified the +2 robe "Vukkaod" {rF+ Str+2} (You found it on level 11 of the Dungeon)
 13536 | D:13     | Noticed a centaur warrior
 13542 | D:13     | Killed a centaur warrior
 14643 | D:14     | Reached XP level 13. HP: 122/122 MP: 12/12
 14668 | D:14     | Noticed Azrael
 14693 | D:14     | Killed Azrael
 14725 | D:14     | Found a shadowy altar of Dithmenos.
 14749 | D:14     | HP: 1/122 [catoblepas (10)]
 14940 | D:14     | Found a frozen archway.
 14961 | IceCv    | Entered an ice cave
 15082 | IceCv    | Received a gift from Trog
 15219 | IceCv    | Killed a reaper
 15654 | D:14     | Noticed a fire dragon
 15664 | D:14     | Killed a fire dragon
 15691 | D:14     | Found a gate to the Vaults.
 15820 | D:15     | Entered Level 15 of the Dungeon
 16040 | D:15     | Noticed a fire dragon
 16051 | D:15     | Killed a fire dragon
 16235 | D:15     | Found Gozag's Platinum Reserve.
 16239 | D:15     | Found an opulent altar of Gozag.
 16547 | D:15     | Noticed a fire dragon
 16555 | D:15     | Killed a fire dragon
 16559 | D:15     | Found a staircase to the Depths.
 16801 | Lair:1   | Entered Level 1 of the Lair of Beasts
 17337 | Lair:1   | Reached XP level 14. HP: 133/133 MP: 13/13
 17692 | Lair:2   | Found a staircase to the Swamp.
 17826 | Lair:2   | Received a gift from Trog
 18135 | Lair:2   | Found a hole to the Spider Nest.
 18623 | Lair:3   | Reached skill level 15 in Axes
 18843 | Lair:3   | Reached skill level 15 in Fighting
 19629 | Lair:4   | Found the +12 Vampire's Tooth {vamp}
 19658 | Lair:4   | Noticed Nergalle
 19663 | Lair:4   | Killed Nergalle
 19665 | Lair:4   | Reached skill level 15 in Armour
 20530 | Lair:5   | Received a gift from Trog
 21492 | Lair:6   | Entered Level 6 of the Lair of Beasts
 21680 | Lair:6   | Reached ****** piety under Trog
 21891 | Lair:6   | Reached skill level 1 in Shields
 22197 | Lair:6   | Found a staircase to the Slime Pits.
 22285 | Lair:6   | Reached XP level 15. HP: 143/143 MP: 14/14
 23231 | Orc:1    | Entered Level 1 of the Orcish Mines
 23231 | Orc:1    | Found a roughly hewn altar of Beogh.
 23387 | Orc:1    | Found a flagged portal.
 23682 | Orc:2    | Entered Level 2 of the Orcish Mines
 23696 | Orc:2    | Received a gift from Trog
 23719 | Orc:2    | Got a jewelled broad axe {god gift}
 23720 | Orc:2    | Identified the +3 broad axe of Kast {distort, rPois Str+3 Dex+4} (Trog gifted it to you on level 2 of the Orcish Mines)
 23892 | Orc:2    | Noticed an orc warlord
 23910 | Orc:2    | Killed an orc warlord
 23938 | Orc:2    | Found a roughly hewn altar of Beogh.
 24027 | Orc:2    | Found Maja's Food Emporium.
 24056 | Orc:2    | Found Tekkil's Antique Armour Shoppe.
 24072 | Orc:2    | Noticed Donald
 24086 | Orc:2    | Noticed an orc warlord
 24191 | Orc:2    | Killed Donald
 24291 | Orc:2    | Got a sheer robe
 24292 | Orc:2    | Identified the +1 robe "Ficaru" {MP+9 Int-2 Dex+5} (You found it on level 2 of the Orcish Mines)
 24561 | Orc:2    | Found a staircase to the Elven Halls.
 24633 | Orc:2    | Found the cursed +13 scythe of Curses {drain, *Curse}
 24650 | Orc:2    | Noticed an orc warlord
 24665 | Orc:2    | Killed an orc warlord
 24675 | Orc:2    | Received a gift from Trog
 24693 | Orc:2    | Found a roughly hewn altar of Beogh.
 24705 | Orc:2    | Killed an orc warlord
 24961 | Orc:2    | Reached skill level 5 in Shields
 24964 | Orc:2    | Found Kitwoipy's Book Emporium.
 25031 | Orc:2    | Found Wuipseut's Magic Scroll Boutique.
 25073 | Orc:2    | Bought a scroll of enchant armour for 97 gold pieces
 25073 | Orc:2    | Bought a scroll of identify for 26 gold pieces
 25693 | Orc:1    | Found an iron altar of Okawaru.
 25695 | Orc:1    | Received a gift from Trog
 25766 | Orc:1    | Got an ivory lajatang {god gift}
 25767 | Orc:1    | Identified the +11 lajatang of Anguish {drain, Str+3} (Trog gifted it to you on level 1 of the Orcish Mines)
 25987 | Swamp:1  | Entered Level 1 of the Swamp
 26127 | Swamp:1  | Reached skill level 15 in Dodging
 26822 | Swamp:2  | Got a steaming war axe
 27234 | Swamp:2  | Noticed a thorn hunter
 27238 | Swamp:2  | Banished a thorn hunter
 27740 | Swamp:2  | Reached XP level 16. HP: 152/152 MP: 15/15
 28273 | Swamp:3  | Noticed a thorn hunter
 28287 | Swamp:3  | Killed a thorn hunter
 28336 | Swamp:3  | Received a gift from Trog
 28988 | Swamp:3  | Identified the +6 war axe of Terror {drain, rPois} (You found it on level 2 of the Swamp)
 29077 | Swamp:4  | Entered Level 4 of the Swamp
 29490 | Swamp:4  | Noticed a thorn hunter
 29506 | Swamp:4  | Noticed a thorn hunter
 29511 | Swamp:4  | Killed a thorn hunter
 29519 | Swamp:4  | Banished a thorn hunter
 29552 | Swamp:4  | Got a decaying rune of Zot
 29916 | Swamp:4  | Received a gift from Trog
 30488 | Spider:1 | Entered Level 1 of the Spider Nest
 30499 | Spider:1 | Noticed Nikola
 30662 | Spider:1 | Killed Nikola
 30855 | Spider:1 | Found a runed door.
 30856 | Spider:1 | Noticed sleeves's ghost (adept DsFi)
 30902 | Spider:1 | Noticed Josephine
 30920 | Spider:1 | Reached XP level 17. HP: 162/162 MP: 16/16
 30922 | Spider:1 | Killed Josephine
 31401 | Spider:1 | Banished sleeves's ghost
 31875 | Spider:2 | Received a gift from Trog
 32003 | Spider:2 | Reached skill level 10 in Shields
 32129 | Spider:2 | Gained mutation: You possess an exceptional clarity of mind. [potion of mutation]
 32129 | Spider:2 | Gained mutation: You occasionally shout uncontrollably at your foes. [potion of mutation]
 32129 | Spider:2 | Gained mutation: You have a pair of large horns on your head. [potion of mutation]
 33196 | Spider:4 | Entered Level 4 of the Spider Nest
 33294 | Spider:4 | Noticed Asterion
 33315 | Spider:4 | Received a gift from Trog
 33506 | Spider:4 | Received a gift from Trog
 33565 | Spider:4 | Killed Asterion
 33657 | Spider:4 | Lost mutation: You have a pair of large horns on your head. [potion of mutation]
 33657 | Spider:4 | Lost mutation: You possess an exceptional clarity of mind. [potion of mutation]
 33657 | Spider:4 | Lost mutation: You occasionally shout uncontrollably at your foes. [potion of mutation]
 33657 | Spider:4 | Gained mutation: You are partially covered in thin metallic scales. (AC +2) [potion of mutation]
 33657 | Spider:4 | Gained mutation: You are covered in fur. (AC +1) [potion of mutation]
 33756 | Spider:4 | Received a gift from Trog
 33985 | Spider:4 | Got a gossamer rune of Zot
 34271 | Spider:4 | Noticed Kirke
 34695 | Vaults:1 | Entered Level 1 of the Vaults
 34874 | Vaults:1 | Reached XP level 18. HP: 167/173 MP: 17/17
 35342 | Vaults:1 | Received a gift from Trog
 36232 | Vaults:2 | Found Tylew's Assorted Antiques.
 36585 | Vaults:2 | Found a flickering gateway to a bazaar.
 36595 | Bazaar   | Entered a bazaar
 36630 | Bazaar   | Found Nauxuplu's General Store.
 36630 | Bazaar   | Found Deilawi's Distillery.
 36666 | Bazaar   | Found Utonyodae's Antique Armour Emporium.
 36666 | Bazaar   | Found Laxy's Armour Emporium.
 36697 | Bazaar   | Bought a glowing hat for 168 gold pieces
 36697 | Bazaar   | Bought a shiny plate armour for 624 gold pieces
 36928 | Vaults:2 | Found Jatzogg's General Store.
 37010 | Vaults:2 | Found Hace Exuo's Weapon Boutique.
 37346 | Vaults:2 | Received a gift from Trog
 38197 | Vaults:3 | Found a staircase to the Crypt.
 38247 | Vaults:3 | Reached XP level 19. HP: 158/183 MP: 18/18
 38453 | Vaults:3 | Received a gift from Trog
 38823 | Vaults:3 | Found Foghei's Armour Shop.
 39633 | Vaults:3 | Bought the cursed +0 cloak of Hiuduneh {Regen+ Slay+5} for 560 gold pieces
 39660 | Vaults:4 | Found Ycsured's Antique Weapon Shop.
 40214 | Vaults:4 | Received a gift from Trog
 40565 | Vaults:4 | Found Zuwet's Antique Weapon Shoppe.
 40783 | Vaults:4 | Found Asiep's Assorted Antiques.
 40801 | Vaults:4 | Found Omack's Assorted Antiques.
 40931 | Vaults:4 | Found Zathe's Magic Scroll Emporium.
 40939 | Vaults:4 | Bought a scroll of blinking for 112 gold pieces
 40939 | Vaults:4 | Bought a scroll of enchant weapon for 112 gold pieces
 41219 | Elf:1    | Entered Level 1 of the Elven Halls
 41382 | Elf:1    | Reached XP level 20. HP: 193/193 MP: 19/19
 41629 | Elf:1    | Received a gift from Trog
 41775 | Elf:1    | Found Comp's Distillery.
 41779 | Elf:1    | Found Soyxag's Magic Scroll Shop.
 41779 | Elf:1    | Found Yduhex's Antique Armour Shop.
 41847 | Elf:1    | Found Cakhlafim's Food Shop.
 42802 | Elf:2    | Found a runed gate.
 42804 | Elf:2    | Found a runed gate.
 42804 | Elf:2    | Found a runed gate.
 43162 | Elf:2    | Received a gift from Trog
 43495 | Elf:3    | Entered Level 3 of the Elven Halls
 43565 | Elf:3    | Reached skill level 15 in Shields
 44256 | Elf:3    | Received a gift from Trog
 44531 | Elf:3    | Reached XP level 21. HP: 191/202 MP: 20/20
 44625 | Elf:3    | Found the +8 longbow "Zephyr" {speed, Dex+3 SInv}
 44631 | Elf:3    | Got a spiked chain mail
 44685 | Elf:3    | Identified the cursed +0 chain mail of Ru's Indignation {rCorr Str+3} (You found it on level 3 of the Elven Halls)
 44805 | Elf:3    | Found Jiruo's Book Shoppe.
 45955 | Elf:1    | Bought an ancient crystal plate armour for 2975 gold pieces
 45965 | Elf:1    | Identified the +4 crystal plate armour of Quantum Leap {+Inv MP+9 Int-5} (You bought it in a shop on level 1 of the Elven Halls)
 45965 | Elf:1    | Lost intelligence.
 46292 | Depths:1 | Entered Level 1 of the Depths
 46328 | Depths:1 | Received a gift from Trog
 46590 | Depths:1 | Found a gateway to Hell.
 46929 | Depths:1 | Received a gift from Trog
 46967 | Depths:1 | Found a one-way gate to the infinite horrors of the Abyss.
 47322 | Depths:2 | Got an ancient scale mail
 47323 | Depths:2 | Identified the +2 scale mail of Joaqygoa {Slay+5} (You found it on level 2 of the Depths)
 47328 | Depths:2 | Found a gateway to a ziggurat.
 48269 | Depths:2 | Noticed a juggernaut
 48271 | Depths:2 | Found the +7 great mace "Undeadhunter" {disrupt, rN+}
 48281 | Depths:2 | Killed a juggernaut
 48328 | Depths:2 | Got a glittering brass ring
 48329 | Depths:2 | Identified the Papyrus of Good Luck and Poison
 48332 | Depths:2 | Identified the ring "Waci" {rC+ SInv} (You found it on level 2 of the Depths)
 48544 | Depths:2 | Reached XP level 22. HP: 214/214 MP: 21/21
 49234 | Depths:3 | Found a corrupted altar of Lugonu.
 49513 | Depths:3 | Found a one-way gate leading to the halls of Pandemonium.
 49743 | Depths:3 | Received a gift from Trog
 50158 | Depths:3 | Identified the +1 scale mail of Pumoesoa {rElec} (You found it on level 3 of the Depths)
 50443 | Depths:3 | Noticed a caustic shrike
 50445 | Depths:3 | Noticed a caustic shrike
 50446 | Depths:3 | Noticed a caustic shrike
 50446 | Depths:3 | Noticed a caustic shrike
 50448 | Depths:3 | Noticed a caustic shrike
 50461 | Depths:3 | Killed a caustic shrike
 50463 | Depths:3 | Banished a caustic shrike
 50473 | Depths:3 | Killed a caustic shrike
 50898 | Depths:4 | Found a corrupted altar of Lugonu.
 51108 | Depths:4 | Received a gift from Trog
 51334 | Depths:4 | Noticed Margery
 51347 | Depths:4 | Killed Margery
 52164 | Depths:5 | Entered Level 5 of the Depths
 52387 | Depths:5 | Reached XP level 23. HP: 225/225 MP: 22/22
 52458 | Depths:5 | Found a sacrificial altar of Ru.
 52464 | Depths:5 | Found a stormy altar of Qazlal.
 52467 | Depths:5 | Received a gift from Trog
 52516 | Depths:5 | Found an opulent altar of Gozag.
 52562 | Depths:5 | Noticed a juggernaut
 52673 | Depths:5 | Identified a scroll of acquirement
 52730 | Depths:5 | Got a wavering ivory ring
 52756 | Depths:5 | Identified the ring "Zapuwon" {rF+++ rC- EV+2 Str-5 Stlth+} (You acquired it on level 5 of the Depths)
 52885 | Depths:5 | Noticed a juggernaut
 52906 | Depths:5 | Killed a juggernaut
 53485 | Depths:5 | Received a gift from Trog
 53603 | Depths:5 | Found the +4 skin of Zhor {rC+++}
 53854 | Depths:5 | Found a gate to the Realm of Zot.
 55090 | Vaults:5 | Entered Level 5 of the Vaults
 55112 | Vaults:5 | Reached XP level 24. HP: 232/236 MP: 22/22
 55168 | Vaults:5 | Received a gift from Trog
 55249 | Vaults:5 | Noticed Frederick
 55302 | Vaults:5 | Received a gift from Trog
 55517 | Vaults:5 | Got a pair of transparent boots
 55523 | Vaults:5 | Identified the +0 pair of boots of Impressiveness {rN+ Dex+4 Stlth+} (You found it on level 5 of the Vaults)
 55889 | Vaults:5 | Got a silver rune of Zot
 55902 | Vaults:5 | Identified Vuhaiph's Papyrus of Unholy Flight
 56091 | Vaults:5 | Killed Frederick
 56091 | Vaults:5 | Received a gift from Trog
 57907 | Elf:1    | Bought a scroll of blinking for 105 gold pieces
 57911 | Elf:1    | Bought a potion of resistance for 140 gold pieces
 57911 | Elf:1    | Bought a potion of resistance for 140 gold pieces
 57911 | Elf:1    | Bought a potion of heal wounds for 70 gold pieces
 57911 | Elf:1    | Bought a potion of agility for 56 gold pieces
 57911 | Elf:1    | Bought a potion of agility for 56 gold pieces
 58300 | Depths:2 | Lost mutation: You are partially covered in thin metallic scales. (AC +2) [potion of mutation]
 58300 | Depths:2 | Gained mutation: You are robust. (+10% HP) [potion of mutation]
 58300 | Depths:2 | Gained mutation: You possess an exceptional clarity of mind. [potion of mutation]
 58654 | Slime:1  | Entered Level 1 of the Pits of Slime
 58768 | Slime:1  | Lost mutation: You are robust. (+10% HP) [a shining eye]
 58771 | Slime:1  | Gained mutation: Armour fits poorly on your strangely shaped body. [a shining eye]
 58779 | Slime:1  | Gained mutation: You are frail. (-10% HP) [a shining eye]
 58780 | Slime:1  | Gained mutation: You occasionally shout uncontrollably at your foes. [a shining eye]
 58782 | Slime:1  | Gained mutation: You have large cloven feet. [a shining eye]
 58785 | Slime:1  | Gained mutation: Scrolls take you a little longer to read. [a shining eye]
 59699 | Slime:3  | Reached XP level 25. HP: 179/222 MP: 18/22
 59893 | Slime:4  | Gained mutation: You are occasionally teleported next to monsters. [a shining eye]
 59906 | Slime:4  | Gained mutation: Potions are less effective at restoring your health. [a shining eye]
 59907 | Slime:4  | Gained mutation: Your body sometimes deteriorates upon taking damage. [a shining eye]
 59933 | Slime:4  | Gained mutation: Scrolls take you longer to read. [a shining eye]
 60076 | Slime:4  | Gained mutation: Your magical capacity is low. (-10% MP) [a shining eye]
 60081 | Slime:4  | Gained mutation: You are clumsy. (Dex -2) [a shining eye]
 60176 | Slime:5  | Entered Level 5 of the Pits of Slime
 60201 | Slime:5  | Paralysed by a great orb of eyes for 5 turns
 60215 | Slime:5  | Noticed the Royal Jelly
 60218 | Slime:5  | Gained mutation: You are sometimes teleported next to monsters. [a shining eye]
 60246 | Slime:5  | Gained mutation: You are dopey. (Int -2) [a shining eye]
 60262 | Slime:5  | Killed the Royal Jelly
 60272 | Slime:5  | HP: 10/222 [acid[the Royal Jelly] (6)]
 60275 | Slime:5  | HP: 4/222 [acid blob/splash of acid[the Royal Jelly] (4)]
 60275 | Slime:5  | Splashed by an acid blob's acid

Skill      XL: |  1  2  3  4  5  6  7  8  9 10 11 12 13 14 15 16 17 18 19 20 21 22 23 24 |
---------------+-------------------------------------------------------------------------+-----
Fighting       | 4 5 6 7 9 10 12 13 14 15 16 17 18 19 20 21 22 23 24 | 24.6
Axes           | 4 5 6 7 9 10 12 13 14 15 16 17 18 19 20 21 22 23 24 | 24.6
Armour         | 3 4 5 6 7 9 10 11 13 14 15 16 17 18 19 20 21 22 23 24 | 24.5
Dodging        | 3 4 5 6 8 9 10 12 13 14 15 16 17 18 19 20 21 22 | 22.9
Shields        | 2 6 9 11 12 14 15 | 15.0

Action                   |  1- 3 |  4- 6 |  7- 9 | 10-12 | 13-15 | 16-18 | 19-21 | 22-24 | 25-27 || total
-------------------------+-------+-------+-------+-------+-------+-------+-------+-------+-------++-------
Melee: Hand axe          |    38 |   109 |   281 |   159 |       |       |       |       |       ||   587
       Headbutt          |     7 |    25 |    86 |   128 |   302 |   406 |   374 |   415 |    41 ||  1784
       War axe           |       |       |       |    61 |       |       |       |       |       ||    61
       Broad axe         |       |       |       |   306 |  1220 |  1372 |  1294 |  1173 |    87 ||  5452
Invok: Berserk           |     1 |     1 |     3 |     7 |    14 |    17 |    17 |    15 |     2 ||    77
       Brothers in Arms  |       |       |       |       |       |     1 |       |     2 |     1 ||     4
       Trog's Hand       |       |       |       |       |       |       |       |     1 |     2 ||     3
Evoke: Phial of floods   |       |       |       |       |       |       |       |     2 |       ||     2
       Sack of spiders   |       |       |       |       |       |       |       |     1 |     1 ||     2
       Fan of gales      |       |       |       |       |       |       |       |     1 |       ||     1
       Wand              |       |       |       |       |       |       |       |     6 |     6 ||    12
       Phantom mirror    |       |       |       |       |       |       |       |       |     1 ||     1
  Use: Scroll            |     7 |     1 |     4 |     6 |    25 |    12 |    14 |    18 |     3 ||    90
       Potion            |       |       |       |       |    12 |     6 |    14 |    13 |     6 ||    51
 Stab: Distracted        |       |       |       |       |     1 |     1 |     1 |     2 |       ||     5
       Sleeping          |       |       |       |       |       |       |       |     1 |     1 ||     2
       Confused          |       |       |       |       |       |       |       |     1 |       ||     1
  Eat: Chunk             |     7 |    10 |    17 |    14 |     3 |     7 |    12 |     8 |       ||    78
       Ration            |       |       |       |     6 |    17 |    13 |    10 |    14 |       ||    60
Armor: Leather armour    |    15 |    19 |       |       |       |       |       |       |       ||    34
       Plate armour      |       |    50 |   167 |   296 |   193 |   390 |   311 |   307 |       ||  1714
       Ice dragon scales |       |       |       |       |   253 |       |       |       |       ||   253
       Skin              |       |       |       |       |       |       |     2 |       |       ||     2
       Acid dragon scale |       |       |       |       |       |       |       |    13 |    22 ||    35
Dodge: Dodged            |    29 |    45 |   126 |   384 |   870 |   654 |   427 |   523 |   101 ||  3159
Block: Shield            |       |       |       |       |   327 |  1146 |   983 |   917 |    92 ||  3465
       Reflection        |       |       |       |       |     7 |    45 |   180 |    75 |     6 ||   313
       Buckler           |       |       |       |       |     7 |       |       |       |       ||     7
